 Dungeon Crawl Stone Soup version 0.27-a0-661-gca034ae587 (webtiles) character file.

Game seed: 18382172927539581914

22333 kuniqs the Fencer (level 12, 0/77 HPs)
             Began as a Tengu Berserker on Mar 17, 2021.
             Was the Champion of Trog.
             Slain by Jorgrun
             ... wielding a +0 vorpal quarterstaff
              (15 damage)
             ... on level 12 of the Dungeon.
             The game lasted 00:24:01 (13578 turns).

kuniqs the Fencer (Tengu Berserker)                Turns: 13578, Time: 00:24:02

Health: 0/77       AC: 21    Str: 22    XL:     12   Next: 99%
Magic:  13/13      EV: 12    Int: 15    God:    Trog [******]
Gold:   852        SH:  0    Dex: 20    Spells: 11/11 levels left

rFire    . . .     SeeInvis +   H - +12 lajatang "Hoats" {flame, Int+3}
rCold    + . .     Faith    .   (shield currently unavailable)
rNeg     + + .     Spirit   .   q - +3 plate armour {Will+}
rPois    .         Reflect  .   b - +0 hat
rElec    .         Harm     .   o - +1 cloak
rCorr    .         Rampage  .   G - +0 pair of gloves "Yggop" {rC- rN+ Str-2 Dex+6}
Will     +....                  (boots unavailable)
Stlth    ..........             D - amulet of regeneration
HPRegen  1.22/turn              x - ring of positive energy
MPRegen  0.13/turn              F - ring "Xumead" {+Inv rC++ Int+2 SInv}

@: grasped by roots, flying quickly and evasively, constricted, studying Long
Blades, quick
A: beak, talons 3, able to fly, clever 1, strong 1
a: Stop Flying, Renounce Religion, Evoke Invisibility, Berserk, Trog's Hand,
Brothers in Arms


You were on level 12 of the Dungeon.
You worshipped Trog.
Trog was exalted by your worship.
You visited 1 branch of the dungeon, and saw 12 of its levels.
You also visited: Bailey.

You collected 852 gold pieces.

Inventory:

Hand Weapons
 u - a +0 long sword
 H - the +12 lajatang "Hoats" (weapon) {flame, Int+3}
   (Trog gifted it to you on level 11 of the Dungeon)

   It has been specially enchanted to burn those struck by it, causing extra
   injury to most foes and up to half again as much damage against particularly
   susceptible opponents.
   Big, fiery blades are also staple armaments of hydra-hunters.
   It affects your intelligence (+3).
Missiles
 f - 7 throwing nets
 y - 11 curare-tipped darts (quivered)
Armour
 b - a +0 hat (worn)
 o - a +1 cloak (worn)
 q - a +3 plate armour of willpower (worn)
 A - +0 acid dragon scales
 G - the +0 pair of gloves "Yggop" (worn) {rC- rN+ Str-2 Dex+6}
   (You found it on level 9 of the Dungeon)

   It affects your strength (-2).
   It affects your dexterity (+6).
   It makes you vulnerable to cold.
   It protects you from negative energy.
 I - a +0 buckler
Jewellery
 x - a ring of positive energy (right hand)
 D - an amulet of regeneration (around neck)
 F - the ring "Xumead" (left hand) {+Inv rC++ Int+2 SInv}
   (You found it on level 9 of the Dungeon)

   [ring of see invisible]

   It affects your intelligence (+2).
   It greatly protects you from cold.
   It lets you see invisible.
   It lets you turn invisible.
Wands
 a - a wand of polymorph (2)
 k - a wand of charming (6)
 p - a wand of flame (5)
Scrolls
 c - 4 scrolls of magic mapping
 d - 5 scrolls of enchant weapon
 g - 2 scrolls of fear
 h - 3 scrolls of fog
 B - a scroll of summoning
 C - a scroll of teleportation
 E - a scroll of holy word
Potions
 e - a potion of berserk rage
 i - a potion of attraction
 j - 3 potions of brilliance
 l - 2 potions of might
 m - a potion of mutation
 n - a potion of heal wounds
 r - a potion of haste {unknown}
 t - 2 potions of cancellation
 w - a potion of invisibility
 z - 2 potions of curing {@q1}
Miscellaneous
 s - a phial of floods


   Skills:
 + Level 10.1 Fighting
 * Level 16.3 Long Blades
 + Level 10.7 Armour
 + Level 10.6 Dodging


You had 11 spell levels left.
You didn't know any spells.
Your spell library was empty.

Dungeon Overview and Level Annotations

Branches:
Dungeon (12/15)            Temple (0/1) D:6            Lair (0/6) D:8
    Orc (0/2) D:11         Bailey (visited)

Altars:
Elyvilon
Fedhas
Okawaru
Sif Muna
Trog
Yredelemnul
Zin
Beogh

Shops:
D:11 *   D:12 *

Annotations:
D:12 Jorgrun


Innate Abilities, Weirdness & Mutations

You have a beak for a mouth.
You have claws for feet.
You can fly continuously.
Your mind is acute. (Int +2)
Your muscles are strong. (Str +2)


Message History

Jorgrun hits you but does no damage. Jorgrun gestures at you while chanting.
Roots burst forth from the earth!
The grasping roots grab you! The grasping roots constrict you.
Throw: 14 darts (curare)
Press: ? - help, Q - select action, (/) - cycle Shift-Dir - straight line, f - Jorgrun
Aim: Jorgrun, wielding a +0 vorpal quarterstaff and wearing a +0 robe of positive energy (lightly wounded, 52% to hit)
You throw a curare-tipped dart.
The curare-tipped dart closely misses Jorgrun.
Jorgrun hits you but does no damage. The grasping roots constrict you.
Throw: 13 darts (curare)
Press: ? - help, Q - select action, (/) - cycle Shift-Dir - straight line, f/p - Jorgrun
Aim: Jorgrun, wielding a +0 vorpal quarterstaff and wearing a +0 robe of positive energy (lightly wounded, 51% to hit)
You throw a curare-tipped dart.
The curare-tipped dart closely misses Jorgrun.
Jorgrun hits you with a +0 vorpal quarterstaff!
The grasping roots constrict you!
Throw: 12 darts (curare)
Press: ? - help, Q - select action, (/) - cycle Shift-Dir - straight line, f/p - Jorgrun
Aim: Jorgrun, wielding a +0 vorpal quarterstaff and wearing a +0 robe of positive energy (lightly wounded, 51% to hit)
You throw a curare-tipped dart. The curare-tipped dart hits Jorgrun.
Jorgrun is poisoned.
Jorgrun convulses.
Jorgrun seems to slow down.
Jorgrun is moderately wounded.
Blink to where?
Press: ? - help, Dir - move target, p - Jorgrun The roots' grasp on you weakens, but your attempt to escape fails.
As you read the scroll of blinking, it crumbles to dust.
Jorgrun barely misses you.
* * * LOW HITPOINT WARNING * * *
The grasping roots constrict you!
Blink to where?
Press: ? - help, Dir - move target You escape the roots' grasp.
As you read the scroll of blinking, it crumbles to dust.
Jorgrun points at you and mumbles some strange words.
Roots burst forth from the earth!
The grasping roots grab you!
You die...

#............ #............
###########............
.......................
..............g§....... ..###
######......... ..# #)..######
..# #...# ..# #..@#
.#############...#
.................################
.................................
................................)
....).....(..........############
.....................#
.........<...........#
.....................#


You could see Jorgrun (very poisoned, slow).

Vanquished Creatures
  3 boulder beetles
  A hydra (D:11)
  Harold (D:9)
  3 two-headed ogres
  A tengu warrior (D:11)
  Sonja (D:11)
  An unseen horror (D:10)
  An orc knight (D:11)
  An ugly thing (D:11)
  Maurice (D:8)
  A gargoyle (D:10)
  Maggie (D:6)
  Psyche (D:11)
  4 trolls
  A hornet (D:10)
  Prince Ribbit (D:7)
  2 spriggans
  Sigmund (D:3)
  2 shadows
  11 yaks
  Grum (D:8)
  2 soldier ants
  An acid dragon (D:11)
  A hornet zombie (D:10)
  12 orc warriors
  3 black bears
  3 ice beasts
  10 ogres
  4 wolves (D:8)
  A necrophage (D:11)
  6 phantoms
  8 centaurs
  2 kobold brigands
  6 gnoll sergeants
  7 bullfrogs
  7 scorpions
  A water moccasin skeleton (D:8)
  24 killer bees
  3 electric eels (D:8)
  4 wights (D:7)
  A howler monkey (D:7)
  A centaur zombie (D:9)
  A crimson imp (D:12)
  14 hounds
  3 jellies
  6 orc priests
  Crazy Yiuf (D:3)
  3 centaur skeletons
  4 gnoll shamans (Bailey)
  3 bullfrog skeletons
  5 iguanas
  7 orc wizards
  8 worker ants
  A killer bee zombie (D:8)
  A hound skeleton (D:5)
  23 gnolls
  9 adders
  2 shadow imps
  4 white imps
  2 ufetubi
  2 oozes
  An adder skeleton (D:6)
  2 worms
  5 dart slugs
  10 leopard geckos
  56 orcs
  2 ball pythons
  8 bats
  11 giant cockroaches
  6 goblins
  5 hobgoblins
  8 jackals
  20 kobolds
  6 quokkas
  2 frilled lizards
  A jackal zombie (D:6)
  3 leopard gecko skeletons (D:4)
  A leopard gecko zombie (D:5)
  4 rats
397 creatures vanquished.

Vanquished Creatures (collateral kills)
  A wyvern (D:9)
  A centaur (D:9)
  2 gnoll sergeants (Bailey)
  2 gnoll shamans (Bailey)
  A hound skeleton (D:9)
  A worker ant zombie (D:9)
  A gnoll (Bailey)
  A goblin (D:9)
10 creatures vanquished.

Vanquished Creatures (others)
  A tengu warrior (D:9)
  A wyvern (D:9)
  2 orc warriors
  A gnoll sergeant (Bailey)
  2 orcs (D:12)
  A fungus (D:3)
8 creatures vanquished.

Grand Total: 415 creatures vanquished

Notes
Turn   | Place    | Note
-------+----------+-------------------------------------------
     0 | D:1      | kuniqs the Tengu Berserker began the quest for the Orb.
     0 | D:1      | Reached XP level 1. HP: 14/14 MP: 2/2
   354 | D:1      | Reached XP level 2. HP: 19/19 MP: 3/3
   607 | D:1      | Reached XP level 3. HP: 18/23 MP: 4/4
   910 | D:2      | Reached ** piety under Trog
   928 | D:2      | Reached skill level 4 in Long Blades
   937 | D:2      | Reached XP level 4. HP: 28/28 MP: 5/5
  2113 | D:3      | Noticed Sigmund
  2121 | D:3      | Killed Sigmund
  2122 | D:3      | Reached skill level 5 in Long Blades
  2122 | D:3      | Gained mutation: You can fly continuously. [Tengu growth]
  2122 | D:3      | Reached XP level 5. HP: 33/33 MP: 6/6
  2122 | D:3      | Reached XP level 6. HP: 38/38 MP: 7/7
  2694 | D:3      | Found a runed translucent door.
  2695 | D:3      | Noticed Crazy Yiuf
  2701 | D:3      | Killed Crazy Yiuf
  2984 | D:4      | Found a shimmering blue altar of Sif Muna.
  2996 | D:4      | Found a glowing silver altar of Zin.
  3534 | D:4      | Reached skill level 6 in Long Blades
  3534 | D:4      | Reached XP level 7. HP: 27/44 MP: 8/8
  4151 | D:4      | Reached *** piety under Trog
  4310 | D:5      | Entered Level 5 of the Dungeon
  5149 | D:5      | Found a basalt altar of Yredelemnul.
  5190 | D:5      | Reached XP level 8. HP: 41/48 MP: 9/9
  5202 | D:5      | Reached skill level 5 in Fighting
  5202 | D:5      | Reached skill level 7 in Long Blades
  5443 | D:5      | Reached skill level 5 in Armour
  5461 | D:5      | Reached skill level 5 in Dodging
  5913 | D:6      | Found a staircase to the Ecumenical Temple.
  5933 | D:6      | Noticed Maggie
  6052 | D:6      | Killed Maggie
  6053 | D:6      | Reached skill level 8 in Long Blades
  6053 | D:6      | Reached XP level 9. HP: 21/55 MP: 10/10
  6296 | D:6      | Reached **** piety under Trog
  7128 | D:7      | Reached skill level 9 in Long Blades
  7231 | D:7      | Noticed Prince Ribbit
  7331 | D:7      | Killed Prince Ribbit
  7581 | D:7      | Reached ***** piety under Trog
  7806 | D:7      | Reached skill level 10 in Long Blades
  8138 | D:7      | Found a bloodstained altar of Trog.
  8138 | D:7      | Found an iron altar of Okawaru.
  8253 | D:8      | Reached XP level 10. HP: 61/61 MP: 11/11
  8391 | D:8      | Noticed Grum
  8595 | D:8      | Killed Grum
  9014 | D:8      | Found a staircase to the Lair.
  9029 | D:8      | Noticed Maurice
  9043 | D:8      | Killed Maurice
  9137 | D:8      | Reached skill level 11 in Long Blades
  9433 | D:9      | Found a flagged portal.
  9438 | D:9      | Noticed Harold
  9444 | D:9      | Received a gift from Trog
  9460 | Bailey   | Entered a bailey
 10777 | D:9      | Killed Harold
 10778 | D:9      | Reached XP level 11. HP: 68/68 MP: 12/12
 10990 | D:9      | Reached skill level 12 in Long Blades
 11079 | D:9      | Noticed a two-headed ogre
 11086 | D:9      | Killed a two-headed ogre
 11324 | D:9      | Identified the +10 whip "Homey" {vamp, Dex+7}
 11324 | D:9      | Noticed a tengu warrior
 11324 | D:9      | Noticed a boulder beetle
 11338 | D:9      | Killed a boulder beetle
 11386 | D:9      | Identified the ring "Xumead" {+Inv rC++ Int+2 SInv}
 11391 | D:9      | Identified the +0 pair of gloves "Yggop" {rC- rN+ Str-2
                  | Dex+6}
 11541 | D:9      | Gained mutation: Your mind is acute. (Int +2) [potion of
                  | mutation]
 11541 | D:9      | Gained mutation: Your muscles are strong. (Str +2) [potion
                  | of mutation]
 11565 | D:10     | Entered Level 10 of the Dungeon
 11578 | D:10     | Found a blossoming altar of Fedhas.
 11679 | D:10     | Noticed an unseen horror
 11692 | D:10     | Killed an unseen horror
 11828 | D:10     | Paralysed by a hornet for 3 turns
 11836 | D:10     | Reached skill level 13 in Long Blades
 11883 | D:10     | Noticed a boulder beetle
 11896 | D:10     | Killed a boulder beetle
 12127 | D:10     | Noticed a two-headed ogre
 12134 | D:10     | Killed a two-headed ogre
 12135 | D:10     | Reached XP level 12. HP: 65/76 MP: 13/13
 12339 | D:11     | Reached skill level 14 in Long Blades
 12512 | D:11     | Identified the +12 lajatang "Hoats" {flame, Int+3} (Trog
                  | gifted it to you on level 11 of the Dungeon)
 12512 | D:11     | Received a gift from Trog
 12545 | D:11     | Found Besyim's General Store.
 12592 | D:11     | Found a staircase to the Orcish Mines.
 12592 | D:11     | Noticed Psyche
 12594 | D:11     | Noticed a six-headed hydra
 12598 | D:11     | Killed Psyche
 12598 | D:11     | Killed a six-headed hydra
 12599 | D:11     | Reached skill level 15 in Long Blades
 12599 | D:11     | Reached skill level 10 in Armour
 12599 | D:11     | Reached skill level 10 in Dodging
 12805 | D:11     | Noticed a tengu warrior
 12813 | D:11     | Killed a tengu warrior
 12829 | D:11     | Noticed Sonja
 12834 | D:11     | Killed Sonja
 12994 | D:11     | Noticed a boulder beetle
 13001 | D:11     | Killed a boulder beetle
 13001 | D:11     | Reached ****** piety under Trog
 13002 | D:11     | Reached skill level 10 in Fighting
 13106 | D:12     | Noticed a two-headed ogre
 13111 | D:12     | Killed a two-headed ogre
 13112 | D:12     | Reached skill level 16 in Long Blades
 13131 | D:12     | Identified the +1 helmet of Diamar {rF+ Dex+3}
 13149 | D:12     | Found a white marble altar of Elyvilon.
 13410 | D:12     | Found Zianaud's Assorted Antiques.
 13567 | D:12     | Noticed Jorgrun
 13578 | D:12     | Slain by Jorgrun

Illustrated notes

Levels and vault maps discovered:
D:1:      onia_arrival_pyramid, layout_rooms, nrook_loot_triangle,
          wad_floor_pattern_untrapped
D:2:      layout_loops_corners
D:3:      layout_loops_ring, uniq_crazy_yiuf_cottage, uniq_sigmund
D:4:      layout_basic, amethyst_overflow_temple_binary
D:5:      layout_basic, basic_altar, minmay_misc_feat_ornament,
          minmay_small_thing
D:6:      layout_basic, minmay_temple_entry_slanted, uniq_maggie
D:7:      layout_basic, grunt_temple_overflow_bloody_war, uniq_prince_ribbit1
D:8:      layout_loops_ring, erik_lair_island, uniq_grum, uniq_maurice
D:9:      minmay_the_grid_triangle_9x9_rhombus_thin
          [minmay_the_grid_triangle_9x9_minimal,
          minmay_the_grid_triangle_9x9_prize_center,
          minmay_the_grid_triangle_9x9_swiss_cheese,
          minmay_the_grid_triangle_9x9_windchime], layout_rooms, enter_bailey_5,
          uniq_harold
D:10:     layout_roguey, hangedman_decor_diamond_cutter, fedhas_altar_2
D:11:     layout_loops_ring, david_orc_5, serial_shops, shop, the_bakery,
          uniq_sonja, uniq_psyche
D:12:     layout_long_grid, serial_shops, nicolae_shop_trees, basic_altar,
          hangedman_abyss_or_decor_stabs, hangedman_stone_soup,
          lemuel_flamethrower_3, uniq_jorgrun

Skill      XL: |  1  2  3  4  5  6  7  8  9 10 11 12 |
---------------+-------------------------------------+-----
Long Blades    | 4 5 6 8 10 11 13 16 | 16.3
Fighting       | 4 5 6 8 9 10 | 10.1
Armour         | 3 4 5 7 8 9 10 | 10.7
Dodging        | 3 4 5 7 8 9 10 | 10.6

Action                   |  1- 3 |  4- 6 |  7- 9 | 10-12 || total
-------------------------+-------+-------+-------+-------++-------
Melee: Falchion          |    57 |    65 |       |       ||   122
       Kick              |    13 |    33 |    75 |   236 ||   357
       Peck              |     5 |    15 |    53 |   164 ||   237
       Quarterstaff      |       |    41 |    50 |       ||    91
       Long sword        |       |       |   175 |   398 ||   573
       Whip              |       |       |       |    78 ||    78
       Lajatang          |       |       |       |   116 ||   116
Throw: Dart              |       |       |       |    29 ||    29
Invok: Berserk           |     2 |     3 |     8 |     7 ||    20
       Trog's Hand       |       |     1 |       |       ||     1
 Abil: Fly               |       |     1 |       |     3 ||     4
       Stop Flying       |       |       |       |     3 ||     3
Evoke: Wand              |       |       |       |    36 ||    36
  Use: Scroll            |     1 |     4 |       |    12 ||    17
       Potion            |       |     2 |     2 |     7 ||    11
 Stab: Paralysed         |       |       |       |    16 ||    16
       Sleeping          |       |       |       |     2 ||     2
Armor: Animal skin       |     1 |       |       |       ||     1
       Chain mail        |    33 |       |       |       ||    33
       Scale mail        |       |    33 |    32 |       ||    65
       Ring mail         |       |    11 |       |       ||    11
       Acid dragon scale |       |       |    24 |    70 ||    94
       Plate armour      |       |       |       |   133 ||   133
Dodge: Dodged            |    23 |    61 |   182 |   611 ||   877
       Rpst.: Falchion   |     7 |     7 |       |       ||    14
       Long sword        |       |       |    38 |    85 ||   123

Table legend: (Time is in decaauts)
 A = Elapsed time spent in this place.
 B = Non-inter-level travel time spent in this place.
 C = Inter-level travel time spent in this place.
 D = Time resting spent in this place.
 E = Time spent auto-exploring this place.
 F = Levels seen in this place.
 G = Mean time per level.
                   A        B        C        D        E       F      G
               +--------+--------+--------+--------+--------+-----+--------+
         Total |  13074 |  12651 |    423 |   3791 |   6260 |  13 | 1005.7 |
       Dungeon |  11809 |  11386 |    423 |   2980 |   6142 |  12 |  984.1 |
        Bailey |   1265 |   1265 |      0 |    811 |    117 |   1 | 1265.0 |
               +--------+--------+--------+--------+--------+-----+--------+

Top non-repeatable levels by time:
     D:5: 1738 daAuts
     D:4: 1394 daAuts
  Bailey: 1265 daAuts
     D:2: 1188 daAuts
     D:7: 1159 daAuts
     D:6: 1030 daAuts
     D:8: 963 daAuts
     D:1: 922 daAuts
     D:9: 780 daAuts
    D:11: 747 daAuts
     D:3: 721 daAuts
    D:10: 709 daAuts
    D:12: 453 daAuts
